 Dungeon Crawl Stone Soup version 0.30-a0-58-gc0703345a7 (webtiles) character file.

Game seed: 7576245932782882891

149 ytrimaz the Stinger (level 5, -3/33 HPs)
             Began as an Octopode Transmuter on Sept 11, 2022.
             Splashed by a jelly's acid (9 damage)
             ... on level 4 of the Dungeon.
             The game lasted 00:05:46 (3907 turns).

ytrimaz the Stinger (Octopode Transmuter)           Turns: 3907, Time: 00:05:46

Health: -3/33      AC: -6    Str:  7    XL:     5   Next: 31%
Magic:  3/8        EV: 19    Int: 17    God:
Gold:   139        SH:  0    Dex: 18    Spells: 1/8 levels left

rFire   . . .      SeeInvis .      - Unarmed
rCold   + . .      Faith    .    (shield currently unavailable)
rNeg    . . .      Spirit   .    (helmet currently unavailable)
rPois   .          Reflect  .    (no amulet)
rElec   .          Harm     .    c - ring of flight
rCorr   .          Rampage  .    k - ring "Raovvuh" {Fly rPois rC+ AC+4 Str-2}
Will    .....                    (no ring)
Stlth   ++........               (no ring)
HPRegen 0.11/turn                (no ring)
MPRegen 0.11/turn                (no ring)
                                 (no ring)
                                 (no ring)

@: spider-form (expiring), corroded, flying
A: venomous fangs, almost no armour, (amphibious), 8 rings, tiny, (camouflage
1), (gelatinous body 1), (nimble swimmer 1), (tentacles)
a: End Transformation


You were on level 4 of the Dungeon.
You were a venomous arachnid creature.
You visited 1 branch of the dungeon, and saw 4 of its levels.

You collected 139 gold pieces.


Innate Abilities, Weirdness & Mutations

You are a venomous arachnid creature.
You have poisonous fangs.
You are tiny and dextrous.
Your spellcasting is less reliable in this form.
Your armour is entirely melded.
You are incapable of wielding weapons or throwing items.
You cannot wear most types of armour.
((You are amphibious.))
You can wear up to eight rings at the same time.
((Your skin changes colour to match your surroundings (Stealth+).))
((Your rubbery body absorbs attacks. (AC +1, EV +1)))
((You are camouflaged when in or above water. (Stealth+)))
((You have tentacles for arms and can constrict up to eight enemies at once.))


   Skills:
 - Level 1.0 Fighting
 - Level 2.0 Dodging
 - Level 3.0 Unarmed Combat
 - Level 2.0 Spellcasting
 - Level 2.0 Transmutations
 + Level 3.2 Ice Magic
 - Level 4.0 Poison Magic


You had one spell level left.
You knew the following spells:

 Your Spells              Type           Power      Damage    Failure   Level
a - Beastly Appendage     Tmut           16%        N/A       22%         1
b - Wereblood             Tmut           8%         N/A       30%         2
c - Spider Form           Tmut/Pois      11%        N/A       36%         3
d - Slow                  Hex            4%         N/A       38%         1

Your spell library contained the following spells:

 Spells                   Type           Power      Damage    Failure   Level
 Confusing Touch          Hex            1%         N/A       71%         3
 Vampiric Draining        Necr           1%         2d6       71%         3
 Ice Form                 Ice/Tmut       10%        N/A       75%         4

Inventory:

Missiles
 d - 2 throwing nets
Jewellery
 c - a ring of flight (left front leg)
   (You found it on level 1 of the Dungeon)
 k - the ring "Raovvuh" (right front leg) {Fly rPois rC+ AC+4 Str-2}
   (You acquired it on level 3 of the Dungeon)

   [ring of protection]

   AC:        It affects your AC (+4).
   Str:       It affects your strength (-2).
   rC:        It protects you from cold.
   rPois:     It protects you from poison.
   Fly:       It grants you flight.
Scrolls
 e - a scroll of brand weapon
 f - 2 scrolls of enchant armour
 l - a scroll of poison
Potions
 a - 2 potions of lignification
 b - 2 potions of ambrosia
 g - 3 potions of might
 h - a potion of mutation {unknown}
 i - a potion of heal wounds {unknown}
 j - a potion of haste {unknown}
 n - a potion of flight {unknown}

Dungeon Overview and Level Annotations

Branches:
Dungeon (4/15) Zot: 20104
 Temple: D:4-7

Altars:
Nemelex Xobeh

##.# #.##..............<.> #.#
##.###................ #.##
#.....................
####..###.......#.............
......##......####.........#
#.............# #........#..
#............## #.)<....#....
#.....>......#####............
#..............#s....###......
#..............J.....# ..P###
#.............##.....# ...#
.########....###......# ..# #
#.....###....... ..#
#.......##...(...
#..##.......##### #.#
##......# ... #.....#


You could see a jelly (poisoned).


Message History

Press: ? - help, Dir - move target, f - you Are you sure you want to cancel this blink? [Y]es or [N]o only, please.
Are you sure you want to cancel this blink?
Blink to where?
Press: ? - help, Dir - move target
As you read the scroll labelled HOZOATO OREA, it crumbles to dust.
It was a scroll of blinking.
Unknown command.
An endoplasm comes into view.
Unknown command.
An endoplasm is nearby!
An endoplasm is nearby!
An endoplasm is nearby!
Casting: Spider Form (quite dangerous; 17% risk of failure)
Confirm with . or Enter, or press ? or * to list all spells.
The spell is quite dangerous to miscast (17% risk of failure)!
Continue anyway?
Okay, then.
An endoplasm is nearby!
Unknown command.
A jelly comes into view.
The endoplasm quivers.
The endoplasm closely misses you.
The jelly moves out of view.
You tentacle-slap the endoplasm. Your squeeze misses the endoplasm.
The endoplasm freezes you.
You are frozen.
You resist. 😕 HP[-1]
You take 1 damage, and now have 32/33 hp.
You completely miss the endoplasm. The endoplasm freezes you.
You are frozen.
You resist.
You barely miss the endoplasm.
The endoplasm hits you but does no damage.
You tentacle-slap the endoplasm but do no damage.
You squeeze the endoplasm, but do no damage.
The endoplasm hits you. 😕 HP[-2]
You take 2 damage, and now have 30/33 hp.
You tentacle-slap the endoplasm.
The endoplasm hits you but does no damage.
Unknown command.
You tentacle-slap the endoplasm. You squeeze the endoplasm.
You kill the endoplasm!
No target in view!
Key pressed, stopping explore. 😎 HP[+3]
Your hp is fully restored (33).
Unknown command.
No target in view!
Key pressed, stopping explore.
Found a stone staircase leading down.
A jelly is nearby!
A jelly is nearby!
A jelly is nearby!
A jelly is nearby!
Casting: Spider Form (quite dangerous; 17% risk of failure)
Confirm with . or Enter, or press ? or * to list all spells.
The spell is quite dangerous to miscast (17% risk of failure)!
Continue anyway?
You miscast Spider Form.
You are very lightly contaminated with residual magic.
Nothing appears to happen.
The jelly quivers. 😎 MP[-3]
You lost 3 mp, and now have 5/8 mp.
Casting: Spider Form (quite dangerous; 17% risk of failure)
Confirm with . or Enter, or press ? or * to list all spells.
The spell is quite dangerous to miscast (17% risk of failure)!
Continue anyway?
You turn into a venomous arachnid creature. 😎 MP[-3]
You lost 3 mp, and now have 2/8 mp.
Unknown command.
You hit the jelly. The acid corrodes you!
Your front legs burn!
The jelly closely misses you. 😕 HP[-5]
You take 5 damage, and now have 28/33 hp.
You hit the jelly.
The jelly is poisoned.
Your front legs burn!
The jelly barely misses you. 😕 HP[-3]
You take 3 damage, and now have 25/33 hp.
You hit the jelly. The acid corrodes you!
Your front legs burn!
The jelly hits you. The acid corrodes you!
You are splashed with acid!
* * * LOW HITPOINT WARNING * * *
😨 HP[-14]
You take 14 damage, and now have 11/33 hp.
MASSIVE DAMAGE!! (PAUSE)
You completely miss the jelly. The jelly completely misses you.
Your magical contamination has completely faded away.
You completely miss the jelly.
Your transformation is almost over.
The jelly barely misses you. 😨 MP[+1] Unknown command. 😨 HP[+1]
The jelly attacks as you move away! The jelly barely misses you.
You hit the jelly but do no damage.
Your front legs burn!
* * * LOW HITPOINT WARNING * * *
The jelly hits you.
* * * LOW HITPOINT WARNING * * *
You are splashed with acid!
You die...

Skill      XL: |  1  2  3  4  5 |
---------------+----------------+-----
Poison Magic   | 2 3 4 |  4.0
Ice Magic      | 1 2 3 |  3.2
Fighting       | |  1.0
Dodging        | |  2.0
Unarmed Combat | |  3.0
Spellcasting   | |  2.0
Transmutations | |  2.0

Action                   |  1- 3 |  4- 6 || total
-------------------------+-------+-------++-------
Melee: Unarmed           |    87 |    95 ||   182
       Constrict         |    16 |     6 ||    22
       Tentacles         |     8 |     5 ||    13
       Kick              |     1 |       ||     1
 Cast: Beastly Appendage |     3 |       ||     3
       Spider Form       |     5 |    11 ||    16
       Slow              |       |    10 ||    10
  Use: Scroll            |     5 |     6 ||    11
       Potion            |     1 |       ||     1
 Stab: Sleeping          |     5 |     1 ||     6
Armor: Skin              |    13 |    10 ||    23
Dodge: Dodged            |    52 |    86 ||   138

Levels and vault maps discovered:
D:1:      dpeg_arrival_rooms_c, layout_basic,
          hellmonk_ecumenical_altar_prayer_group
D:2:      layout_rooms, serial_undead, serial_undead_d, serial_undead_e,
          serial_undead_f, serial_undead_a, uniq_jessica, uniq_robin
D:3:      layout_rooms, overflow_temple_1_default
D:4:      corexii_shantytown, layout_layer_cave

Notes
Turn   | Place    | Note
-------+----------+-------------------------------------------
     0 | D:1      | ytrimaz the Octopode Transmuter began the quest for the
                  | Orb.
     0 | D:1      | Reached XP level 1. HP: 13/13 MP: 3/3
     0 | D:1      | magus.rc [v1.9.6]
   314 | D:1      | Reached skill level 1 in Poison Magic
   617 | D:1      | Reached skill level 2 in Poison Magic
   617 | D:1      | Reached XP level 2. HP: 16/18 MP: 5/5
   957 | D:1      | Found a faded altar of an unknown god.
   965 | D:1      | Reached skill level 3 in Poison Magic
  1072 | D:1      | Reached XP level 3. HP: 11/23 MP: 6/6
  1078 | D:1      | Learned a level 2 spell: Wereblood
  1082 | D:1      | Learned a level 3 spell: Spider Form
  1248 | D:1      | You pick up a book of Debilitation and begin reading...
  1248 | D:1      | You add the spells Slow, Vampiric Draining and Confusing
                  | Touch to your library.
  1967 | D:2      | Reached skill level 1 in Ice Magic
  2105 | D:2      | HP: 8/34 [poisoned by an adder]
  2110 | D:2      | HP: 3/34 [poisoned by an adder]
  2443 | D:2      | Reached XP level 4. HP: 25/28 MP: 7/7
  2539 | D:2      | Noticed Jessica
  2554 | D:2      | Killed Jessica
  2555 | D:2      | Reached skill level 2 in Ice Magic
  2555 | D:2      | Reached skill level 4 in Poison Magic
  2654 | D:2      | You are sucked into a shaft and drop 1 floor!
  2761 | D:3      | Found a sparkling altar of Nemelex Xobeh.
  3188 | D:3      | Learned a level 1 spell: Slow
  3269 | D:3      | Reached XP level 5. HP: 33/33 MP: 0/8
  3398 | D:3      | Reached skill level 3 in Ice Magic
  3531 | D:3      | Identified a scroll of acquirement
  3531 | D:3      | Acquired the ring "Raovvuh" {Fly rPois rC+ AC+4 Str-2}
  3907 | D:4      | HP: 6/33 [jelly (3)]
  3907 | D:4      | Splashed by a jelly's acid

Vanquished Creatures
  Jessica (D:2)
  5 adders
  3 dart slugs
  A bat zombie (D:2)
  9 endoplasms
  9 goblins
  4 hobgoblins
  9 jackals
  5 quokkas
  6 ball pythons
  2 bats
  8 frilled lizards
  A giant cockroach zombie (D:2)
  4 kobolds
  3 rats (D:3)
70 creatures vanquished.

Table legend:
 A = Non-vault XP
 B = Vault XP
 C = Vault XP percentage of total XP
 D = Non-vault monster count
 E = Vault monster count
 F = Vault count percentage of total count
                 A         B        C        D         E       F
            +---------+---------+-------+---------+---------+-------
      Total |     168 |      45 |  21.1 |      64 |       6 |   8.6
            +---------+---------+-------+---------+---------+-------
        D:1 |      43 |       5 |  10.4 |      24 |       3 |  11.1
        D:2 |      43 |      40 |  48.2 |      11 |       3 |  21.4
        D:3 |      75 |       0 |   0.0 |      24 |       0 |   0.0
        D:4 |       7 |       0 |   0.0 |       5 |       0 |   0.0
            +---------+---------+-------+---------+---------+-------

Illustrated notes

Table legend:
 A = Kills in this place as a percentage of kills in entire the game.
 B = Kills by you in this place as a percentage of kills by you in the entire game.
 C = Kills by friends in this place as a percentage of kills by friends in the entire game.
 D = Other kills in this place as a percentage of other kills in the entire game.
 E = Experience gained in this place as a percentage of experience gained in the entire game.
 F = Experience gained in this place divided by the number of levels of this place that you have seen.
                   A       B       C       D       E      F
               +-------+-------+-------+-------+-------+----------------------
         Total | 100.0 | 100.0 |   N/A |   N/A | 100.0 |  53.2
       Dungeon | 100.0 | 100.0 |   N/A |   N/A | 100.0 |  53.2
               +-------+-------+-------+-------+-------+----------------------

Table legend: (Time is in decaauts)
 A = Elapsed time spent in this place.
 B = Non-inter-level travel time spent in this place.
 C = Inter-level travel time spent in this place.
 D = Time resting spent in this place.
 E = Time spent auto-exploring this place.
 F = Levels seen in this place.
 G = Mean time per level.
                   A        B        C        D        E       F      G
               +--------+--------+--------+--------+--------+-----+--------+
         Total |   3894 |   3844 |     50 |    397 |   2867 |   4 |  973.5 |
       Dungeon |   3894 |   3844 |     50 |    397 |   2867 |   4 |  973.5 |
               +--------+--------+--------+--------+--------+-----+--------+

Top non-repeatable levels by time:
     D:1: 1951 daAuts
     D:3: 1029 daAuts
     D:2: 696 daAuts
     D:4: 218 daAuts
